 Dungeon Crawl Stone Soup version 0.19-a0-1065-gdac414d (webtiles) character file.

134 Gagarin the Magician (level 4, 0/40 HPs)
             Began as a High Elf Wizard on Aug 2, 2016.
             Succumbed to a worker ant's poison
             ... on level 3 of the Dungeon on Aug 3, 2016.
             The game lasted 00:08:21 (2792 turns).

Gagarin the Magician (High Elf Wizard)              Turns: 2792, Time: 00:08:22

Health: 0/40       AC:  2    Str: 11    XL:     4   Next: 95%
Magic:  8/12       EV: 13    Int: 21    God:
Gold:   110        SH:  0    Dex: 15    Spells: 4 memorised, 4 levels left

rFire  . . .     SeeInvis .     y - +0 falchion (curse)
rCold  . . .     Gourm    .     a - +0 robe
rNeg   . . .     Faith    .     (no shield)
rPois  .         Spirit   .     b - +0 hat
rElec  .         Dismiss  .     (no cloak)
rCorr  .         Reflect  .     (no gloves)
SustAt .         Harm     .     (no boots)
MR     .....                    (no amulet)
Stlth  ..........               (no ring)
                                (no ring)

@: berserking, lethally poisoned (0 -> -10), very quick
A: no striking features
a: no special abilities


You were on level 3 of the Dungeon.
You were not hungry.

You visited 1 branch of the dungeon, and saw 3 of its levels.

You collected 110 gold pieces.

Inventory:

Hand Weapons
 y - a cursed +0 falchion (weapon)
Missiles
 m - 23 arrows
Armour
 a - a +0 robe (worn)
 b - a +0 hat (worn)
Jewellery
 f - an uncursed amulet of the gourmand {unknown}
 g - an uncursed ring of positive energy {unknown}
 k - an uncursed amulet of guardian spirit {unknown}
 w - a +3 ring of intelligence {unknown}
Scrolls
 e - a scroll of fear {unknown}
 i - 2 scrolls of magic mapping {unknown}
 j - 2 scrolls of enchant armour {unknown}
 l - 3 scrolls of identify {unknown}
 p - a scroll of teleportation {unknown}
 q - a scroll of blinking {unknown}
 t - a scroll of remove curse {unknown}
Potions
 o - a potion of might {unknown}
 u - a potion of degeneration {unknown}
Books
 c - a book of Minor Magic

   Spells                             Type                      Level
   a - Magic Dart                     Conjuration                  1
   b - Blink                          Translocation                2
   c - Call Imp                       Summoning                    2
   d - Repel Missiles                 Charms/Air                   2
   e - Slow                           Hexes                        2
   f - Conjure Flame                  Conjuration/Fire             3
   g - Mephitic Cloud                 Conjuration/Poison/Air       3
Comestibles
 d - 4 bread rations
 h - a meat ration
 r - a royal jelly
 s - a beef jerky
 v - 3 fruits


   Skills:
 + Level 0.2 Fighting
 + Level 2.9 Dodging
 + Level 2.6 Stealth
 + Level 5.3 Spellcasting
 + Level 2.6 Conjurations
   Level 0.8 Summonings
   Level 1.1 Translocations


You had 4 spell levels left.
You knew the following spells:

 Your Spells              Type           Power        Failure   Level  Hunger
a - Magic Dart            Conj           ###.         4%          1    None
b - Mephitic Cloud        Conj/Pois/Air  #.......     24%         3    ##.....
c - Repel Missiles        Chrm/Air       #.....       17%         2    None
d - Conjure Flame         Conj/Fire      ##......     21%         3    ##.....


Dungeon Overview and Level Annotations

Branches:
Dungeon (3/15)

Altars:


Message History

* * * LOW HITPOINT WARNING * * *
Casting: Mephitic Cloud
Confirm with . or Enter, or press ? or * to list all spells.
Aiming: Magic Dart
Press: ? - help, Shift-Dir - straight line, f - worker ant
Aim: a worker ant (almost dead)
The magic dart hits the worker ant.
The worker ant is almost dead.
The worker ant bites you.
* * * LOW HITPOINT WARNING * * *
You are more poisoned.
The worker ant poisons you!
It was a potion of berserk rage.
A red film seems to cover your vision as you go berserk!
You feel yourself moving faster!
You feel mighty!
* * * LOW HITPOINT WARNING * * *
You feel sick. The worker ant closely misses you.
You hit the worker ant.
You kill the worker ant!
You die...

.#..# #..........#
.#..###.##..##.#.#
.#..........##.#.#
.##.###........#.####
.[..................#
.................####
...........>##...#
##.......#..##...#
#(..##..#..##..@#
#.......#...r..†#
#..###..#.####.g#
#..# .# #..# #...
.............# #...
#..###..####.# .....
. .... ..... .##..#.


You could see a hobgoblin and a rat.

Vanquished Creatures
  A hound (D:3)
  A worker ant (D:3)
  2 adders (D:2)
  An ooze (D:2)
  A worm (D:2)
  2 dart slugs (D:1)
  A giant gecko (D:1)
  An orc (D:3)
  A giant cockroach (D:1)
  4 goblins
  7 hobgoblins
  2 jackals (D:2)
  3 bats
  3 giant newts
  7 kobolds
  19 rats
56 creatures vanquished.

Notes
Turn   | Place    | Note
-------+----------+-------------------------------------------
     0 | D:1      | Gagarin the High Elf Wizard began the quest for the Orb.
     0 | D:1      | Reached XP level 1. HP: 11/11 MP: 6/6
    87 | D:1      | Reached skill level 4 in Spellcasting
    95 | D:1      | Reached XP level 2. HP: 17/17 MP: 1/8
   774 | D:1      | Reached XP level 3. HP: 21/21 MP: 7/9
  1109 | D:2      | Learned a level 3 spell: Mephitic Cloud
  1253 | D:2      | Upgraded the game from 0.19-a0-1057-g15bb84d to 0.19-a0-1065-gdac414d
  1271 | D:2      | Found a faded altar of an unknown god.
  1524 | D:2      | Learned a level 2 spell: Repel Missiles
  1530 | D:2      | Learned a level 3 spell: Conjure Flame
  1912 | D:2      | Reached XP level 4. HP: 21/27 MP: 4/11
  2531 | D:3      | Reached skill level 5 in Spellcasting
  2790 | D:3      | HP: 1/27 [worker ant (5)]
  2792 | D:3      | Succumbed to a worker ant's poison

Vault maps used:
D:1:      erik_arrival_orb_chamber, minmay_pentomino_s4
D:2:      ecumenical_altar_1, minivault_27
D:3:      lemuel_zombie_altar_yredelemnul, first_bread, uniq_terence

Skill      XL: |  1  2  3  4 |
---------------+-------------+-----
Spellcasting   | 4 5 |  5.3
Conjurations   | 2 |  2.6
Fighting       | |  0.2
Dodging        | |  2.9
Stealth        | |  2.6
Summonings     | |  0.8
Translocations | |  1.1

Action                   |  1- 3 |  4- 6 || total
-------------------------+-------+-------++-------
Melee: Unarmed           |    16 |     1 ||    17
       Falchion          |       |     9 ||     9
 Cast: Magic Dart        |   103 |    38 ||   141
       Mephitic Cloud    |       |     2 ||     2
       Conjure Flame     |       |     1 ||     1
  Use: Potion            |       |     1 ||     1
  Eat: Chunk             |     3 |     3 ||     6
Armor: Robe              |     2 |     2 ||     4
Dodge: Dodged            |    22 |    12 ||    34
